 Dungeon Crawl Stone Soup version 0.29.1-15-g9cfb28693d (webtiles) character file.

Game seed: 4058306104214364179

26602 venomsnake the Warrior (level 12, -8/124 HPs)
             Began as a Minotaur Berserker on Mar 24, 2023.
             Was a High Priest of Trog.
             Mangled by Rupert
             ... wielding a +2 great sword of holy wrath
              (36 damage)
             ... on level 3 of the Lair of Beasts.
             The game lasted 00:45:40 (15862 turns).

venomsnake the Warrior (Minotaur Berserker)        Turns: 15862, Time: 00:45:40

Health: -8/124     AC: 27    Str: 25    XL:     12   Next: 99%
Magic:  11/11      EV:  9    Int:  4    God:    Trog [*****.]
Gold:   694        SH: 11    Dex: 12    Spells: 11/11 levels left

rFire   . . .      SeeInvis .   q - +1 war axe (flame)
rCold   . . .      Faith    .   R - +0 kite shield
rNeg    . . .      Spirit   .   Z - +0 plate armour
rPois   .          Reflect  +   (helmet restricted)
rElec   .          Harm     .   h - +2 cloak
rCorr   .          Rampage  .   K - +0 pair of gloves
Will    .....                   P - +1 pair of boots
Stlth   ..........              n - amulet "Napneog" {Reflect +Blink SH+5}
HPRegen 0.30/turn               x - ring of flight
MPRegen 0.12/turn               A - +4 ring of protection

@: flying
A: horns 2, retaliatory headbutt
a: Renounce Religion, Evoke Blink, Berserk, Trog's Hand, Brothers in Arms


You were on level 3 of the Lair of Beasts.
You worshipped Trog.
Trog was extremely pleased with you.
You visited 2 branches of the dungeon, and saw 15 of its levels.

You collected 886 gold pieces.
You spent 192 gold pieces at shops.

Inventory:

Hand Weapons
 q - a +1 war axe of flaming (weapon)
 u - the +4 hand axe of Jexzodowa {drain, *Corrode Dex+3 SInv Stlth+}
   (You found it on level 4 of the Dungeon)

   A truly terrible weapon, it drains the life of any living foe it strikes.
   Dex:       It affects your dexterity (+3).
   SInv:      It lets you see invisible.
   *Corrode:  It may corrode you when you take damage.
   Stlth:     It makes you more stealthy.
Missiles
 b - 112 stones (quivered)
 e - 25 poisoned darts
 g - 11 boomerangs
 E - a throwing net
Armour
 h - a +2 cloak (worn)
 K - a +0 pair of gloves (worn)
 P - a +1 pair of boots (worn)
 R - a +0 kite shield (worn)
 Z - a +0 plate armour (worn)
Jewellery
 n - the amulet "Napneog" (around neck) {Reflect +Blink SH+5}
   (You found it on level 2 of the Dungeon)

   [amulet of reflection]

   It reflects blocked missile attacks.
   +Blink:    It lets you blink.
   SH:        It affects your SH (+5).
 r - a +4 ring of slaying
 x - a ring of flight (left hand)
 A - a +4 ring of protection (right hand)
 D - a +6 ring of strength
 F - a ring of resist corrosion
 S - a +6 ring of strength
 T - a +4 ring of slaying
 W - a ring of protection from fire
 Y - a ring of ice
Wands
 H - a wand of charming (14)
 I - a wand of iceblast (9)
 J - a wand of mindburst (21)
 L - a wand of quicksilver (10)
 Q - a wand of polymorph (16)
Scrolls
 c - 4 scrolls of teleportation {unknown}
 f - 2 scrolls of poison
 o - a scroll of amnesia {unknown}
 p - a scroll of enchant weapon
 v - a scroll of enchant armour {unknown}
 w - a scroll of magic mapping
 y - 3 scrolls of fear {unknown}
 z - 2 scrolls of silence
 G - a scroll of brand weapon {unknown}
 M - 4 scrolls of blinking {unknown}
 N - 3 scrolls of noise {unknown}
 O - a scroll of immolation {unknown}
 U - a scroll of torment {unknown}
 V - a scroll of identify
 X - 2 scrolls of vulnerability {unknown}
Potions
 a - 2 potions of berserk rage {unknown}
 d - 3 potions of brilliance
 i - 3 potions of degeneration {unknown}
 j - a potion of resistance
 k - 7 potions of curing
 m - 4 potions of ambrosia
 s - 4 potions of haste
 t - a potion of mutation {unknown}
 B - 6 potions of invisibility {unknown}
 C - 2 potions of attraction {unknown}


   Skills:
 * Level 16.8 Fighting
 + Level 12.4 Axes
 + Level 12.1 Armour
 + Level 11.2 Dodging


You had 11 spell levels left.
You didn't know any spells.
Your spell library was empty.

Dungeon Overview and Level Annotations

Branches:
Dungeon (12/15)            Temple (0/1) D:7            Lair (3/5) D:8
 Spider (0/4) Lair:2          Orc (0/2) D:11
  Swamp: Lair:2-3    Shoals: Lair:2-3

Altars:
Dithmenos
Fedhas
Gozag
Hepliaklqana
Makhleb
Okawaru
Trog
Wu Jian
Xom
Zin
The Shining One

Shops:
D:2 [   D:5 **:=*

Annotations:
D:2 1 runed translucent door, Crazy Yiuf
D:6 3 runed translucent doors, ChrisAssaf1981's ghost, amateur DjBr
Lair:3 Rupert


Innate Abilities, Weirdness & Mutations

You have a pair of horns on your head.
You reflexively headbutt those who attack you in melee.


Message History

You slash Rupert! You burn Rupert.
Rupert is moderately wounded.
Rupert hits you but does no damage.
Rupert hits you with a +2 great sword of holy wrath!!
You hit Rupert. You burn Rupert. You headbutt Rupert, but do no damage.
Rupert is moderately wounded.
Rupert hits you with a +2 great sword of holy wrath!!
Rupert hits you but does no damage.
You barely miss Rupert.
Rupert is moderately wounded.
You hit the rime drake but do no damage.
The rime drake bites you but does no damage.
Rupert hits you but does no damage.
You slice Rupert!! You burn Rupert. You headbutt Rupert!
Rupert is heavily wounded.
You hit the rime drake but do no damage.
You block Rupert's attack. You block the rime drake's attack.
Rupert hits you with a +2 great sword of holy wrath!
The rime drake bites you but does no damage.
You slice Rupert!! You burn Rupert!
Rupert is severely wounded.
You completely miss the rime drake. You block Rupert's attack.
The rime drake breathes ice at you. The flash freeze hits you!
* * * LOW HITPOINT WARNING * * *
You are encased in ice.
You block Rupert's attack.
You slash Rupert! You burn Rupert. Your headbutt misses Rupert.
Rupert is severely wounded.
You slash the rime drake! You burn the rime drake!
The rime drake closely misses you. You furiously retaliate!
You headbutt the rime drake.
Rupert hits you with a +2 great sword of holy wrath.
* * * LOW HITPOINT WARNING * * *
You barely miss Rupert. You headbutt Rupert, but do no damage.
Rupert is severely wounded.
You hit the rime drake. You burn the rime drake.
The ice encasing you melts away.
Rupert hits you with a +2 great sword of holy wrath!!!
You die...

S♣ ##...### # ..
#....#.# #..♣♣~~ ...
...... #...♣♣. ...#
#....# +...♣♣. ..##....
##...♣#. #.....#
#....... ..###..@k####
##P......
#......@.##P####........
...[....................
#...P##..#######P.##.###
#### ###.# ####### ##


You could see Rupert (berserk) and a rime drake (catching breath).

Vanquished Creatures
  Gastronok (D:9)
  Fannar (Lair:2)
  2 boulder beetles
  Erica (D:11)
  A hydra (Lair:2)
  Erolcha (D:9)
  6 two-headed ogres
  A cyclops (D:8)
  2 black mambas
  4 elephants (Lair:2)
  Joseph (D:10)
  6 cane toads
  3 rime drakes
  2 kobold demonologists (D:11)
  3 komodo dragons (Lair:2)
  A troll (D:11)
  Prince Ribbit (D:6)
  A hornet (D:9)
  10 blink frogs
  A wyvern (Lair:1)
  15 yaks
  2 wraiths (D:10)
  2 steam dragons
  2 vampire mosquitoes (D:11)
  4 acid dragons
  5 water moccasins
  4 orc warriors
  A sky beast (D:6)
  4 black bears
  4 ogres
  2 centaurs
  A phantom (D:5)
  A kobold brigand (D:6)
  2 gnoll sergeants
  Blork the orc (D:6)
  4 necrophages
  7 bullfrogs
  2 scorpions
  3 wights (D:6)
  50 killer bees
  3 howler monkeys (D:7)
  4 crimson imps (D:8)
  4 hounds
  2 orc priests
  An iguana (D:5)
  6 orc wizards
  8 gnolls
  4 adders
  A white imp (D:5)
  An ufetubus (D:5)
  A worm (D:5)
  2 dart slugs
  21 orcs
  3 bats
  11 endoplasms
  4 giant cockroaches
  8 goblins
  8 hobgoblins
  A quokka (D:4)
  2 ball pythons
  3 frilled lizards
  20 kobolds
  8 rats
  A butterfly (Lair:2)
292 creatures vanquished.

Vanquished Creatures (others)
  2 fungi (Lair:2)
  A plant (Lair:2)
3 creatures vanquished.

Grand Total: 295 creatures vanquished

Notes
Turn   | Place    | Note
-------+----------+-------------------------------------------
     0 | D:1      | venomsnake the Minotaur Berserker began the quest for the
                  | Orb.
     0 | D:1      | Reached XP level 1. HP: 19/19 MP: 0/0
    38 | D:1      | Reached XP level 2. HP: 20/27 MP: 1/1
    43 | D:1      | Reached skill level 4 in Fighting
   792 | D:1      | Reached XP level 3. HP: 32/33 MP: 2/2
   978 | D:1      | Reached ** piety under Trog
  1522 | D:2      | Found a shadowy altar of Dithmenos.
  1622 | D:2      | Found Woacexot's Armour Boutique.
  1625 | D:2      | Bought a +0 chain mail for 54 gold pieces
  1869 | D:2      | Identified the amulet "Napneog" {Reflect +Blink SH+5}
  1937 | D:2      | Found a runed translucent door.
  1938 | D:2      | Noticed Crazy Yiuf
  2036 | D:2      | Found a faded altar of an unknown god.
  2485 | D:3      | Found a burning altar of Makhleb.
  2488 | D:3      | Found a glowing silver altar of Zin.
  2489 | D:3      | Noticed a balrug
  2489 | D:3      | Noticed an angel
  2586 | D:3      | Found a glowing golden altar of the Shining One.
  2616 | D:3      | Found an opulent altar of Gozag.
  2850 | D:3      | Found an iron altar of Okawaru.
  2864 | D:3      | Found a bloodstained altar of Trog.
  2879 | D:3      | Reached XP level 4. HP: 41/41 MP: 3/3
  3311 | D:4      | Reached skill level 5 in Fighting
  3505 | D:4      | Noticed a necrophage
  3512 | D:4      | Killed a necrophage
  3513 | D:4      | Reached XP level 5. HP: 48/48 MP: 4/4
  3614 | D:4      | Identified the +4 hand axe of Jexzodowa {drain, *Corrode
                  | Dex+3 SInv Stlth+}
  3665 | D:4      | Identified the +6 sling "Giantbane" {vorpal, rPois MP+9}
  3906 | D:4      | Found an ornate altar of the Wu Jian Council.
  3998 | D:4      | Noticed an ogre
  4005 | D:4      | Killed an ogre
  4006 | D:4      | Reached XP level 6. HP: 21/57 MP: 5/5
  4415 | D:4      | Reached skill level 6 in Fighting
  4663 | D:5      | Entered Level 5 of the Dungeon
  4707 | D:5      | Found Kesm's General Store.
  4712 | D:5      | Bought a scroll of identify for 24 gold pieces
  4712 | D:5      | Bought a scroll of silence for 114 gold pieces
  4758 | D:5      | Reached skill level 5 in Axes
  4779 | D:5      | Found Dakliyv's Jewellery Shoppe.
  4787 | D:5      | Found Gymel's Book Boutique.
  4853 | D:5      | Reached *** piety under Trog
  4859 | D:5      | Reached XP level 7. HP: 45/64 MP: 6/6
  4971 | D:5      | Found a blossoming altar of Fedhas.
  4994 | D:5      | Reached skill level 7 in Fighting
  5082 | D:5      | Found Boidot's General Store.
  5088 | D:5      | Reached skill level 5 in Armour
  5499 | D:5      | Found Saemify's Assorted Antiques.
  5522 | D:6      | Noticed a steam dragon
  5586 | D:6      | Killed a steam dragon
  5587 | D:6      | Reached skill level 8 in Fighting
  5587 | D:6      | Reached skill level 5 in Dodging
  5587 | D:6      | Reached XP level 8. HP: 67/74 MP: 7/7
  6238 | D:6      | Found a runed translucent gate.
  6238 | D:6      | Found a runed translucent gate.
  6239 | D:6      | Found a runed translucent gate.
  6239 | D:6      | Noticed ChrisAssaf1981's ghost (amateur DjBr)
  6240 | D:6      | Noticed Prince Ribbit
  6252 | D:6      | Killed Prince Ribbit
  6253 | D:6      | Reached skill level 9 in Fighting
  6371 | D:6      | Identified the +2 ring mail "Keinedusch" {rPois Dex+4}
  6620 | D:6      | Reached XP level 9. HP: 82/84 MP: 8/8
  6949 | D:6      | Found a hazy altar of Hepliaklqana.
  6950 | D:6      | Noticed Blork the orc
  6957 | D:6      | Killed Blork the orc
  6959 | D:6      | Found a faded altar of an unknown god.
  7475 | D:7      | Reached skill level 10 in Fighting
  7499 | D:7      | Reached **** piety under Trog
  7686 | D:7      | Found a staircase to the Ecumenical Temple.
  8288 | D:8      | Reached skill level 11 in Fighting
  8615 | D:8      | Reached XP level 10. HP: 96/96 MP: 9/9
  8698 | D:8      | Noticed a cyclops
  8710 | D:8      | Killed a cyclops
  8811 | D:8      | Noticed a two-headed ogre
  8820 | D:8      | Killed a two-headed ogre
  8821 | D:8      | Reached skill level 12 in Fighting
  9199 | D:8      | Found a staircase to the Lair.
  9254 | D:8      | Noticed a two-headed ogre
  9280 | D:8      | Reached ***** piety under Trog
  9603 | D:8      | Noticed an elephant
  9764 | D:8      | Found a shimmering altar of Xom.
 10057 | D:9      | Noticed Gastronok
 10171 | D:9      | Killed Gastronok
 10172 | D:9      | Reached skill level 13 in Fighting
 10572 | D:9      | Reached XP level 11. HP: 107/107 MP: 10/10
 10693 | D:9      | Noticed Erolcha
 10702 | D:9      | Reached skill level 10 in Axes
 10715 | D:9      | Killed Erolcha
 10903 | D:10     | Entered Level 10 of the Dungeon
 10977 | D:10     | Noticed Joseph
 10991 | D:10     | Killed Joseph
 11032 | D:10     | Noticed a two-headed ogre
 11040 | D:10     | Killed a two-headed ogre
 11052 | D:10     | Reached skill level 10 in Armour
 11060 | D:10     | Reached skill level 14 in Fighting
 11505 | D:10     | Noticed a two-headed ogre
 11513 | D:10     | Killed a two-headed ogre
 11846 | D:11     | Noticed a two-headed ogre
 11846 | D:11     | Noticed a two-headed ogre
 11914 | D:10     | Killed a two-headed ogre
 11919 | D:10     | Killed a two-headed ogre
 12207 | D:11     | Noticed Erica
 12218 | D:11     | Killed Erica
 12549 | D:11     | Noticed a two-headed ogre
 12557 | D:11     | Killed a two-headed ogre
 12558 | D:11     | Reached skill level 15 in Fighting
 12558 | D:11     | Reached skill level 10 in Dodging
 12567 | D:11     | Reached XP level 12. HP: 114/119 MP: 11/11
 12734 | D:11     | Noticed a boulder beetle
 12769 | D:11     | Killed a boulder beetle
 12777 | D:11     | Found an opulent altar of Gozag.
 12911 | D:11     | Found a staircase to the Orcish Mines.
 13493 | Lair:1   | Entered Level 1 of the Lair of Beasts
 14641 | Lair:2   | Noticed Fannar
 14655 | Lair:2   | Killed Fannar
 14686 | Lair:2   | Noticed a boulder beetle
 14704 | Lair:2   | Killed a boulder beetle
 14705 | Lair:2   | Reached skill level 16 in Fighting
 14835 | Lair:2   | Noticed a six-headed hydra
 14846 | Lair:2   | Killed a one-headed hydra
 14913 | Lair:2   | Found a hole to the Spider Nest.
 15850 | Lair:3   | Noticed Rupert
 15862 | Lair:3   | Mangled by Rupert

Illustrated notes

Levels and vault maps discovered:
D:1:      doesnt_arrival_eight_statues, layout_basic
D:2:      layout_basic, basic_altar, hellmonk_ecumenical_altar_zigzags,
          serial_shops, nicolae_shop_behind_doors, uniq_crazy_yiuf_cottage
D:3:      layout_basic, grunt_temple_overflow_order_and_chaos_2,
          lemuel_round_altar, okawaru_gym_becter,
          mainiacjoe_overflow_catwalk_spiral
D:4:      layout_basic, kennysheep_mini, minmay_cupped
D:5:      layout_loops_ring, mainiacjoe_overflow_concentric_impassable,
          serial_shops, shop, nicolae_stop_n_shop_2, shop, shop_fountains, shop
D:6:      layout_basic, beargit_hepliaklqana_dungeon_heroes,
          gammafunk_ghost_split, nicolae_zen_rock_garden, uniq_prince_ribbit1
D:7:      wander_river, layout_basic, minmay_temple_entry_slanted
D:8:      wad_woods_minihive, layout_cave_pools, led_xom_imps,
          hellmonk_guarded_unrand_dark_maul
D:9:      layout_basic, uniq_erolcha, uniq_gastronok
D:10:     layout_basic, uniq_joseph
D:11:     layout_long_grid, orc_0_dummy,
          nicolae_gozag_cash_rules_everything_around_me, uniq_erica
D:12:     layout_gridville, st_stairs_1
Lair:1:   layout_cave_shapes
Lair:2:   layout_big_grid, spider_nest_entry_web_field, lemuel_fruit_fields,
          uniq_fannar
Lair:3:   layout_regular_city, elwin_shoals_entry_stream, serial_bayou,
          serial_bayou_crossing, serial_bayou_pond_e, serial_bayou_shore_b,
          serial_bayou_lake_a, serial_bayou_pond_e, uniq_rupert, uniq_amaemon

Skill      XL: |  1  2  3  4  5  6  7  8  9 10 11 12 |
---------------+-------------------------------------+-----
Fighting       | 4 5 6 8 9 11 13 15 16 | 16.8
Axes           | 4 5 6 7 8 9 11 12 | 12.4
Armour         | 3 4 5 6 8 9 10 12 | 12.1
Dodging        | 3 4 5 6 7 8 10 11 | 11.2

Action                   |  1- 3 |  4- 6 |  7- 9 | 10-12 || total
-------------------------+-------+-------+-------+-------++-------
Melee: Hand axe          |   103 |    74 |   209 |   385 ||   771
       Headbutt          |    19 |    17 |    32 |   131 ||   199
       Punch             |     2 |     1 |       |     3 ||     6
       War axe           |       |       |       |    78 ||    78
Throw: Stone             |       |       |       |     1 ||     1
  Use: Scroll            |       |     4 |     3 |     1 ||     8
Armor: Leather armour    |    11 |       |       |       ||    11
       Animal skin       |     4 |       |       |       ||     4
       Chain mail        |    25 |    37 |   135 |   210 ||   407
       Plate armour      |       |       |       |    16 ||    16
Dodge: Dodged            |    63 |    23 |   140 |   235 ||   461
Block: Other             |     2 |    16 |    59 |    33 ||   110
       Reflection        |       |       |       |     7 ||     7
       Kite shield       |       |       |       |   205 ||   205
